[Event "44th Chess Olympiad Open 2022"]
[Site "Chennai"]
[Date "2022.07.30"]
[Round "2.59"]
[White "Khan, Taffin"]
[Black "Alfaro, William"]
[Result "0-1"]
[WhiteElo "2019"]
[BlackElo "2155"]
[Annotator "RC"]
[PlyCount "136"]
[EventDate "2022.??.??"]
[TimeControl "60"]

1. e4 c5 2. Nf3 Nc6 3. Bb5 g6 4. O-O Bg7 5. Re1 Nf6 6. c3 O-O 7. d4 d5 8. e5 Ne4 9. Nbd2 Nxd2 10. Bxd2 Qb6 11. Bxc6 bxc6 12. Qc1 cxd4 13. cxd4 Bg4 14. Qc5 Bxf3 15. gxf3 Qxc5 16. dxc5 a5 17. b3 Rfb8 18. Rac1 e6 19. Rc2 Rb5 20. f4 Kf8 21. Re3 Rab8 22. a4 Rxb3 23.
Rxb3 Rxb3 24. Bxa5 Ra3 25. Rb2 Bh6 26. Rb4 g5 27. fxg5 Bxg5 28.
Kf1 Be7 29. Bb6 Rc3 30. Ba5 Rc1+ 31. Ke2 Bxc5 32. Rb8+ Kg7 33. Bd2 Rc2 34. Kd3 Ra2 35. a5 Bxf2 36. Bg5 c5 37. Bf6+ Kh6 38. Rg8 c4+ 39. Kc3 Be1+ 40. Kd4 Bxa5 41. Ke3 Bb6+ 42. Kf3 Rf2+ 43. Kg3 Rxf6 44. exf6 Bd4 45. Rg7 Bxf6 46. Rxf7 Kg6 47. Rd7 c3 48. Kf3 Be5 49. Ke3 Bxh2 50. Kd3 Be5 51. Re7 h5 52. Rxe6+ Bf6 53. Re2 h4 54. Rg2+ Kf5 55. Rf2+ Ke6 56. Re2+ Be5 57. Rf2 h3 58. Rf3 h2 59. Rf1 Bg3 60. Rh1 Ke5 61. Kxc3 Ke4 62. Kd2 d4 63. Ke2 d3+ 64. Kd2 Bf4+ 65. Kc3 Ke3 66. Re1+ Kf2 67. Rh1 Ke2 68. Rb1 Be3 0-1

[Event "44th Chess Olympiad Open 2022"]
[Site "Chennai"]
[Date "2022.07.30"]
[Round "2.59"]
[White "Neto, Roberto"]
[Black "Salazar Cabezas, Alberto Javier"]
[Result "0-1"]
[WhiteElo "1663"]
[BlackElo "2155"]
[Annotator "RC"]
[PlyCount "44"]
[EventDate "2022.??.??"]
[TimeControl "60"]

1. d4 d5 2. c4 e6 3. Nc3 Nf6 4. Bg5 Be7 5. Nf3 O-O 6. Bxf6 Bxf6 7. e4 dxe4 8. Nxe4 Be7 9. Qb3 a5 10. O-O-O a4 11. Qc2 a3 12. b3 Na6 13. h4 Nb4 14. Qd2 b6 15. Bd3 c5 16. dxc5 bxc5 17. Bb1 Qc7 18.
Qe3 f5 19. Neg5 Bf6 20. Rd2 e5 21. Kd1 Ra6 22. Ke2 e4 0-1

[Event "44th Chess Olympiad Open 2022"]
[Site "Chennai"]
[Date "2022.07.30"]
[Round "2.60"]
[White "Thing, Bibek"]
[Black "Muhammed, Shuaau"]
[Result "1-0"]
[WhiteElo "2260"]
[BlackElo "1987"]
[Annotator "RC"]
[PlyCount "91"]
[EventDate "2022.??.??"]
[TimeControl "60"]

1. e4 e5 2. Nf3 Nc6 3. Bc4 Nf6 4. d3 Be7 5. O-O O-O 6. a4 d5 7. exd5 Nxd5 8. Re1 Nb6 9. Bb5 f6 10. a5 Nd5 11. a6 Kh8 12. d4 exd4 13.
Nxd4 Nxd4 14. Qxd4 bxa6 15. Bd3 Bb7 16. Bd2 f5 17. Qc4 c5 18.
Ba5 Qd6 19. Nc3 Bf6 20. Bf1 Bd4 21. Nxd5 Bxd5 22. Qe2 f4 23. Qxa6 Qxa6 24. Bxa6 Bxb2 25. Rad1 Bg8 26. Re7 Rfe8 27. Rc7 Re5 28. h3 c4 29. Bb4 Re2 30. c3 h6 31. Rdd7 f3 32. gxf3 Re6 33.
Bb7 Rg6+ 34. Kf1 Re8 35. Be4 Rg5 36. h4 Rge5 37. Rxg7 a5 38.
Rg6 R5e6 39. Rxe6 Rxe6 40. Bxa5 Ra6 41. Bb4 Ra1+ 42. Ke2 Rh1 43. Rb7 Ba1 44. Kd2 Bb2 45. Bc5 Bc1+ 46. Kc2 1-0

[Event "44th Chess Olympiad Open 2022"]
[Site "Chennai"]
[Date "2022.07.30"]
[Round "2.60"]
[White "Bhandari, Kshitiz"]
[Black "Fuad, Ahmed Mufleh"]
[Result "1-0"]
[WhiteElo "2071"]
[BlackElo "2086"]
[Annotator "NA RC"]
[PlyCount "58"]
[EventDate "2022.??.??"]
[TimeControl "60"]

1. Nf3 d5 2. b3 Bg4 3. Bb2 Bxf3 4. exf3 Nd7 5. f4 Ngf6 6. g3 e6 7. Bg2 Bd6 8. O-O O-O 9. Re1 c6 10. d4 Qc7 11. Nd2 Bxf4 12. gxf4 Qxf4 13. Nf1 Ne4 14. f3 Ng5 15. Bc1 Qh4 16. Bxg5 Qxg5 17. Qc1 Qh4 18. f4 g5 19. fxg5 Qxd4+ 20. Qe3 Qg7 21. Ng3 d4 22. Qd2 Rae8 23. Rad1 e5 24. Bh3 Re7 25. Bxd7 Rxd7 26. Nh5 Re8 27. Nxg7 Kxg7 28. Qf2 Re6 29. Rxe5 Kf8 1-0

[Event "44th Chess Olympiad Open 2022"]
[Site "Chennai"]
[Date "2022.07.30"]
[Round "2.60"]
[White "Ashraf, Ahmed Ramadan"]
[Black "Lama, Milan"]
[Result "0-1"]
[WhiteElo "1916"]
[BlackElo "2024"]
[Annotator "NA"]
[PlyCount "83"]
[EventDate "2022.??.??"]
[TimeControl "60"]

1. e4 c5 2. Nf3 g6 3. c3 Bg7 4. d4 cxd4 5. cxd4 d5 6. e5 Nc6 7. Nc3 Bg4 8.
Be2 Bxf3 9. Bxf3 e6 10. O-O Nh6 11. Bxh6 Bxh6 12. Na4 O-O 13. a3 Qh4 14. Bg4 Rac8 15. g3 Qe7 16. b4 b6 17. f4 f5 18.
exf6 Qxf6 19. Re1 Nxd4 20. Re5 Nf5 21. Qe1 Rfe8 22. Nc3 Qf7 23.
Nb5 Qd7 24. Bxf5 gxf5 25. Nd4 Bg7 26. b5 Bxe5 27. Qxe5 Qc7 28. Qf6 Qg7 29. Qxg7+ Kxg7 30. Nc6 a6 31. a4 axb5 32. axb5 Ra8 33. Ra6 Rxa6 34. bxa6 Ra8 35. Nb4 Kf7 36. Kf2 Ke7 37. Ke3 Kd6 38.
Kd4 Rc8 39. Ke3 Rc4 40. a7 Rc8 41. h3 Ra8 42. Kd4 0-1

[Event "44th Chess Olympiad Open 2022"]
[Site "Chennai"]
[Date "2022.07.30"]
[Round "2.60"]
[White "Mujahid Bin Yazeed"]
[Black "Jaiswal, Rupesh"]
[Result "0-1"]
[WhiteElo "1418"]
[BlackElo "2083"]
[Annotator "NA RC"]
[PlyCount "52"]
[EventDate "2022.??.??"]
[TimeControl "60"]

1. f4 c5 2. Nf3 d6 3. g3 g6 4. Bg2 Bg7 5. O-O Nc6 6. c3 Qb6 7. Kh1 Nf6 8. d4 cxd4 9. cxd4 Bg4 10. e3 O-O 11. Nc3 Rac8 12. Na4 Qa6 13. Nc3 Rfe8 14. h3 Bxf3 15. Qxf3 e5 16. fxe5 dxe5 17. d5 e4 18. Qf4 Nb4 19. Kg1 Qc4 20. Rd1 Nbxd5 21. Nxd5 Nxd5 22. Qf2 Nb4 23. Bf1 Qe6 24. a3 Rc2 25. axb4 Rxf2 26. Kxf2 Qf5+ 0-1

[Event "44th Chess Olympiad Open 2022"]
[Site "Chennai"]
[Date "2022.07.30"]
[Round "2.61"]
[White "Volpinari, Danilo"]
[Black "Christie, Joshua"]
[Result "0-1"]
[WhiteElo "1955"]
[BlackElo "2272"]
[Annotator "ChessBase"]
[PlyCount "74"]
[EventDate "2022.??.??"]
[TimeControl "60"]

1. d4 Nf6 2. Bf4 e6 3. e3 c5 4. c3 d5 5. Nd2 Bd6 6. Bg3 O-O 7. Ngf3 b6 8. Bd3 Bb7 9. Ne5 Nc6 10. f4 Ne7 11. O-O Ne4 12. Bh4 f6 13.
Nef3 c4 14. Bc2 b5 15. a3 Qd7 16. Qe2 Nf5 17. g4 Nxh4 18. Nxh4 a5 19. Nhf3 e5 20. f5 Nxd2 21. Qxd2 Qe7 22. Rae1 Rae8 23. Nh4 exd4 24. exd4 Qf7 25. Ng2 Qc7 26. Nh4 Qd7 27. Qf2 Rxe1 28. Rxe1 Re8 29. Ng2 b4 30. axb4 axb4 31. Ra1 Qc7 32. h3 Bc6 33. Bd1 Bg3 34. Qd2 Bh2+ 35. Kf1 Qg3 36. h4 Qh3 37. Qf2 Bg3 0-1

[Event "44th Chess Olympiad Open 2022"]
[Site "Chennai"]
[Date "2022.07.30"]
[Round "2.61"]
[White "Shaw, Jaden"]
[Black "Righi, Ezio"]
[Result "1-0"]
[WhiteElo "1930"]
[BlackElo "1912"]
[Annotator "NA RC"]
[PlyCount "53"]
[EventDate "2022.??.??"]
[TimeControl "60"]

1. e4 c5 2. Nf3 e6 3. c3 Nf6 4. e5 Nd5 5. d4 cxd4 6. cxd4 d6 7. Bd3 Nc6 8. O-O Qc7 9. Re1 Bd7 10. Bg5 h6 11. Bh4 dxe5 12. Nxe5 Nxe5 13. dxe5 Bb4 14. Nd2 Rc8 15. a3 Bxd2 16. Qxd2 O-O 17. Re4 f5 18. exf6 Nxf6 19. Rc4 Bc6 20. Re1 Qf7 21. Bb1 Bd5 22. Rd4 Rc6 23. Qd3 Qc7 24. Bxf6 Rxf6 25. Qh7+ Kf8 26. Rxd5 Rc1 27. Rdd1 1-0

[Event "44th Chess Olympiad Open 2022"]
[Site "Chennai"]
[Date "2022.07.30"]
[Round "2.61"]
[White "Herrera, Adrian"]
[Black "Lorne, Ras Malaku"]
[Result "0-1"]
[WhiteElo "1563"]
[BlackElo "2079"]
[Annotator "NA"]
[PlyCount "90"]
[EventDate "2022.??.??"]
[TimeControl "60"]

1. c4 c5 2. Nc3 Nc6 3. g3 g6 4. Bg2 Bg7 5. e3 e5 6. Nge2 Nge7 7. a3 a5 8. d3 d6 9. Nd5 Nxd5 10. Bxd5 O-O 11. Bg2 Be6 12. Nc3 Rb8 13. O-O f5 14. Nd5 Ne7 15. Bd2 Nxd5 16. cxd5 Bd7 17. a4 b5 18. axb5 Rxb5 19. Bc3 Qc7 20. Qd2 Ra8 21. Rfc1 a4 22. d4 cxd4 23. Bxd4 Qb7 24. Bc3 Be8 25. Bf1 Rb6 26. Bc4 Rc8 27. Be2 Rc5 28. Rd1 e4 29. Bxg7 Qxg7 30. Rdb1 Qe5 31. Bd1 Rxd5 32. Qe2 Bb5 33. Qe1 Ra6 34. b3 Bd3 35. Rc1 Rc5 36. bxa4 Qb2 37. g4 Kg7 38. Rxc5 dxc5 39. Be2 Qxe2 40. Qc3+ Kh6 41. h3 Qf3 42. Qe5 fxg4 43. h4 Qf6 44. Qe8 Qxa1+ 45. Kh2 Rf6 0-1

[Event "44th Chess Olympiad Open 2022"]
[Site "Chennai"]
[Date "2022.07.30"]
[Round "2.62"]
[White "Gong Thon Gong"]
[Black "Gontcharov, Serguei"]
[Result "1-0"]
[WhiteElo "2176"]
[BlackElo "1864"]
[Annotator "RC"]
[PlyCount "45"]
[EventDate "2022.??.??"]
[TimeControl "60"]

1. d4 Nf6 2. Nf3 d5 3. g3 c5 4. Bg2 Nc6 5. O-O e6 6. a3 h6 7. dxc5 Bxc5 8. b4 Bd6 9. Nbd2 O-O 10. Bb2 Re8 11. c4 Be7 12. Qc2 Bd7 13.
Rfd1 Rc8 14. Rac1 a5 15. b5 Nb8 16. Qb3 Qb6 17. Ne5 dxc4 18.
Nxd7 Nbxd7 19. Nxc4 Rxc4 20. Qxc4 Bc5 21. e3 h5 22. Bxf6 gxf6 23.
Rxd7 1-0

[Event "44th Chess Olympiad Open 2022"]
[Site "Chennai"]
[Date "2022.07.30"]
[Round "2.62"]
[White "Rehan, Deng Cypriano"]
[Black "Kovacova, Zuzana"]
[Result "1-0"]
[WhiteElo "2105"]
[BlackElo "2050"]
[Annotator "NA"]
[PlyCount "77"]
[EventDate "2022.??.??"]
[TimeControl "60"]

1. c4 e5 2. g3 Nc6 3. Bg2 d6 4. Nc3 Be6 5. d3 g6 6. Nf3 h6 7. d4 Bd7 8. d5 Nce7 9. c5 Bg7 10. cxd6 cxd6 11. Qb3 Qb8 12. e4 f5 13. O-O Nf6 14. Nd2 b5 15. a3 O-O 16. exf5 gxf5 17. Nf3 Kh8 18. Nh4 Qe8 19. Bd2 a5 20. Rfe1 Kh7 21. Rac1 Qb8 22. Ne2 Rc8 23. Nd4 a4 24. Qd1 e4 25. Ne6 Rxc1 26. Bxc1 Bh8 27. Qd2 Nfg8 28. Nxf5 Nxf5 29. Bxe4 Bxe6 30. dxe6 Qf8 31. Qd5 Nge7 32. Qxa8 Qxa8 33. Bxa8 d5 34. Rd1 Nd4 35. Be3 Nxe6 36. Bxd5 Nxd5 37. Rxd5 Bxb2 38. Rxb5 Bxa3 39. Ra5 1-0

[Event "44th Chess Olympiad Open 2022"]
[Site "Chennai"]
[Date "2022.07.30"]
[Round "2.62"]
[White "Faulks, Nick"]
[Black "Ajak Mach Duany"]
[Result "0-1"]
[WhiteElo "1820"]
[BlackElo "2029"]
[Annotator "NA RC"]
[PlyCount "90"]
[EventDate "2022.??.??"]
[TimeControl "60"]

1. c4 e5 2. Nc3 f5 3. e3 Nf6 4. g3 Nc6 5. a3 e4 6. f4 a5 7. Nh3 Bc5 8. b3 Ne7 9. Bb2 Ng6 10. Nd5 Nxd5 11. cxd5 Qe7 12. Qh5 Qf8 13. Ng5 Be7 14. Nxh7 Qf7 15. d6 cxd6 16. Bc4 d5 17. Bxd5 Qxd5 18. Qxg6+ Qf7 19. Qxf7+ Kxf7 20. Ng5+ Kg6 21. h4 Ra6 22. Bc3 b5 23. Kf2 b4 24. axb4 axb4 25. Rxa6+ Bxa6 26. h5+ Rxh5 27. Rxh5 Kxh5 28. Bxg7 Bd3 29. Bd4 Bc2 30. Nf7 Bxb3 31. Ne5 Ba4 32. Nc4 Bb5 33. Nb2 d5 34. Be5 Kg6 35. Ke1 b3 36. Bc3 Bc5 37. Nd1 Kf7 38. Nb2 Ke7 39. Nd1 Kd6 40. Nb2 Bb6 41. Bb4+ Kc6 42. Bc3 d4 43. exd4 Kd5 44. Nd1 Bxd4 45. Nb2 e3 0-1

[Event "44th Chess Olympiad Open 2022"]
[Site "Chennai"]
[Date "2022.07.30"]
[Round "2.62"]
[White "Gontcharov, Dimitri"]
[Black "Peter Majur Manyang"]
[Result "0-1"]
[WhiteElo "1448"]
[BlackElo "2095"]
[Annotator "NA RC"]
[PlyCount "43"]
[EventDate "2022.??.??"]
[TimeControl "60"]

1. e4 c5 2. Nf3 a6 3. d4 cxd4 4. Nxd4 g6 5. Nc3 Bg7 6. Be3 d6 7. Qd2 Nc6 8. Bc4 Nf6 9. f3 O-O 10. a3 Qc7 11. Be2 b5 12. g4 Bb7 13. h4 Nxd4 14. Bxd4 e5 15. Be3 d5 16. exd5 Rfd8 17. O-O-O Qa5 18. Bg5 b4 19. Na2 Bxd5 20. Qxb4 Qc7 21. Nc3 Rab8 22. Nxd5 0-1

[Event "44th Chess Olympiad Open 2022"]
[Site "Chennai"]
[Date "2022.07.30"]
[Round "2.63"]
[White "Abera, Aydagnuhem Gezachew"]
[Black "Winston Gerald, Mansfield Thomas"]
[Result "1-0"]
[WhiteElo "2137"]
[BlackElo "1832"]
[Annotator "NA"]
[PlyCount "128"]
[EventDate "2022.??.??"]
[TimeControl "60"]

1. e4 d6 2. d4 Nf6 3. Nc3 c6 4. Nf3 Bg4 5. Bc4 Nbd7 6. Bf4 Qa5 7. Qd2 e5 8. Be3 b5 9. Bd3 a6 10. O-O Qc7 11. h3 Bh5 12. Nh4 Bg6 13. a3 Be7 14. Nf5 Bxf5 15.
exf5 O-O 16. g4 exd4 17. Bxd4 Ne5 18. Be2 Rfe8 19. f4 Nc4 20. Qc1 Nd5 21. Nxd5 cxd5 22. Bf3 Qc6 23. b3 Nb6 24. Qd2 Rac8 25. Rac1 Bf6 26. Bxf6 gxf6 27. Qd4 Qc5 28. Qxc5 dxc5 29. Kf2 Rcd8 30. Rfe1 Kf8 31. h4 a5 32. g5 Rxe1 33. Rxe1 Rd6 34. h5 c4 35. h6 fxg5 36. fxg5 d4 37. Re5 d3 38. cxd3 cxb3 39. Rxb5 a4 40.
Be4 Nd7 41. Ke3 Rb6 42. Rxb6 Nxb6 43. Kd2 Nc8 44. d4 Nd6 45. Bd3 Nc8 46. Kc3 Nb6 47. Be4 Kg8 48. Kb4 Kf8 49. Kb5 Nc8 50. Kxa4 Nd6 51. Bd3 b2 52. Kb3 Nb5 53. d5 Nd4+ 54. Kxb2 Nf3 55. a4 Nxg5 56. a5 Nf3 57. a6 Ne5 58. Bb5 Ke7 59. a7 Kf6 60.
a8=Q Kxf5 61. d6 Kg6 62. Qe4+ Kf6 63. Qxh7 Ke6 64. d7 Kd5 1-0

[Event "44th Chess Olympiad Open 2022"]
[Site "Chennai"]
[Date "2022.07.30"]
[Round "2.63"]
[White "Badene, Habtamu Bayu"]
[Black "Adeshole Beckley, Brian"]
[Result "1/2-1/2"]
[WhiteElo "2011"]
[BlackElo "1590"]
[Annotator "NA"]
[PlyCount "107"]
[EventDate "2022.??.??"]
[TimeControl "60"]

1. e4 e6 2. d4 d5 3. Nc3 Nf6 4. Bg5 Be7 5. e5 Nfd7 6. h4 Nc6 7. a3 h6 8. Bxe7 Nxe7 9. Bd3 a6 10. b4 a5 11. Nge2 b6 12. b5 c5 13.
bxc6 Nxc6 14. Nb5 O-O 15. c3 Ba6 16. Nd6 Bxd3 17. Qxd3 Ndxe5 18. dxe5 Nxe5 19. Qg3 Qxd6 20. O-O Nc4 21. Qxd6 Nxd6 22. Rfb1 Nc4 23. a4 Rfc8 24. f3 Rab8 25. Kf2 Nd6 26. Ke1 b5 27. axb5 Rxb5 28. Rxb5 Nxb5 29. Kd2 Ra8 30. Ra4 Nd6 31. Kd3 Nc4 32. Kd4 Rc8 33. Ra2 a4 34. Nc1 a3 35. Nd3 Kf8 36. Nb4 Ke7 37. Nc2 Kd6 38.
Nxa3 e5+ 39. Kd3 Nxa3 40. Rxa3 Rc4 41. Ra6+ Ke7 42. Ra5 Ke6 43. Ra6+ Kf5 44. Ra5 Rxh4 45. Rxd5 Rh2 46. g4+ Kf4 47. Rd7 f6 48. Rxg7 Kxf3 49. Rf7 e4+ 50. Kc4 Kxg4 51. Rxf6 e3 52. Kd3 e2 53. Kd2 Kg3 54. Ke1 1/2-1/2

[Event "44th Chess Olympiad Open 2022"]
[Site "Chennai"]
[Date "2022.07.30"]
[Round "2.63"]
[White "Kamara, Ansumana"]
[Black "Jimma, Desalegn Fekadu"]
[Result "0-1"]
[WhiteElo "1896"]
[BlackElo "2112"]
[Annotator "NA RC"]
[PlyCount "134"]
[EventDate "2022.??.??"]
[TimeControl "60"]

1. e4 c5 2. Nf3 d6 3. d4 cxd4 4. Nxd4 Nf6 5. Nc3 a6 6. Be3 e6 7. f3 Nbd7 8. Qd2 b5 9. g4 Bb7 10. O-O-O b4 11. Na4 d5 12. g5 Nh5 13. exd5 Bxd5 14. Be2 g6 15. Kb1 Be7 16. Rhf1 O-O 17. f4 Ng7 18. f5 gxf5 19. Nxf5 Nxf5 20. Rxf5 Bc6 21. Bf3 Bxa4 22. Rf4 Rc8 23. b3 Bb5 24. Rh4 Ne5 25. Qg2 Qc7 26. Be4 Ng6 27. Qh3 Nxh4 28. Qxh4 f5 29. gxf6 Bxf6 30. Rg1+ Kh8 31. Qh3 Rg8 32. Rd1 Rce8 33. Bb6 Qg7 34. Bc5 Ba1 35. c3 Bxc3 36. a3 Rd8 37. Rc1 Ba1 38.
Qxh7+ Qxh7 39. Bxh7 Kxh7 40. Kxa1 bxa3 41. Bxa3 Rd2 42. Rc7+ Kh6 43. Bc1 Rg1 44. Rc2 Rxc1+ 45. Rxc1 Rxh2 46. Re1 Re2 47. Rg1 e5 48. Kb1 e4 49. Kc1 e3 50. Rg3 Re1+ 51. Kc2 e2 52. Re3 Rd1 53. Kc3 e1=Q+ 54. Rxe1 Rxe1 55. Kb4 Re4+ 56. Ka3 a5 57. Kb2 Kg5 58. Ka3 Re2 59. b4 Re3+ 60. Kb2 axb4 61. Ka2 Bc4+ 62. Kb2 Re2+ 63. Ka1 b3 64. Kb1 Bd3+ 65. Ka1 b2+ 66. Ka2 b1=Q+ 67. Ka3 Ra2# 0-1

[Event "44th Chess Olympiad Open 2022"]
[Site "Chennai"]
[Date "2022.07.30"]
[Round "2.63"]
[White "Lwebuga, Ronald"]
[Black "Tsige, Addisalem Temesgen"]
[Result "1/2-1/2"]
[WhiteElo "1818"]
[BlackElo "2072"]
[Annotator "NA RC"]
[PlyCount "124"]
[EventDate "2022.??.??"]
[TimeControl "60"]

1. Nf3 c5 2. c4 Nc6 3. g3 g6 4. d4 cxd4 5. Nxd4 Bg7 6.
Nxc6 bxc6 7. Nc3 Nf6 8. Bg2 O-O 9. O-O Qa5 10. Bd2 Rb8 11.
Qc2 Qc7 12. Rac1 Rd8 13. e4 Ba6 14. b3 d5 15. exd5 cxd5 16.
Nxd5 Nxd5 17. Bxd5 Bd4 18. Rfe1 Rbc8 19. Bg2 h5 20. Bg5 Re8 21. Rcd1 e5 22. Bd5 Qd6 23. Qe4 Kg7 24. Qf3 f6 25. Be3 Bxe3 26. Qxe3 Qc7 27. Rd2 Re7 28. Red1 Rd8 29. Bf3 Rxd2 30. Qxd2 e4 31. Bg2 Bc8 32. Qd8 Qb7 33. Qd5 Qc7 34. Re1 Bb7 35. Qd4 Qa5 36. Re2 Qe5 37. Qxe5 Rxe5 38. Rd2 Re7 39. Kf1 f5 40. h4 Kf7 41. c5 Rc7 42. b4 Ba6+ 43. Ke1 Bb7 44. Bf1 Bc8 45. Bc4+ Kf6 46.
Ke2 Ke5 47. Rd5+ Kf6 48. Rd6+ Ke5 49. Ke3 Rg7 50. Rd5+ Kf6 51. Kf4 Re7 52. b5 e3 53. Rd6+ Kg7 54. Kf3 f4 55. fxe3 fxe3 56. Ke2 Bg4+ 57. Ke1 Re5 58. c6 Rc5 59. Rd4 Kf6 60. a4 Ke5 61. Rf4 a5 62. Kf1 Kd6 1/2-1/2

[Event "44th Chess Olympiad Open 2022"]
[Site "Chennai"]
[Date "2022.07.30"]
[Round "2.64"]
[White "Gerena Rivas, Eliam"]
[Black "Tan, Santiago Jr"]
[Result "1-0"]
[WhiteElo "2102"]
[BlackElo "1872"]
[Annotator "NA RC"]
[PlyCount "83"]
[EventDate "2022.??.??"]
[TimeControl "60"]

1. e4 c6 2. d4 d5 3. exd5 cxd5 4. Bd3 Nc6 5. c3 Nf6 6. Bf4 e6 7. Nd2 Bd6 8. Bxd6 Qxd6 9. Ngf3 h6 10. Qe2 a6 11. a4 O-O 12. O-O Re8 13.
Ne5 Bd7 14. f4 Ne7 15. g4 Nh7 16. Bxh7+ Kxh7 17. Nxf7 Qb6 18. Ne5 Rad8 19. Qd3+ Kg8 20. b4 Rf8 21. Nb3 Qd6 22. Nc5 Bc8 23. a5 Rf6 24. Rf3 Rdf8 25. Raf1 Qd8 26. Qe3 Qe8 27. R1f2 Ng6 28. Ncd3 Ne7 29. h4 h5 30. g5 Nf5 31. Qe2 R6f7 32. Ng6 Rf6 33. gxf6 Qxg6+ 34. Rg2 Qxf6 35. Rg5 Bd7 36. Nc5 Bc8 37. Rf2 Nxh4 38. Qxh5 Nf5 39. Rh2 Qe7 40. Qh7+ Kf7 41. Qg6+ Kg8 42. Rgh5 1-0

[Event "44th Chess Olympiad Open 2022"]
[Site "Chennai"]
[Date "2022.07.30"]
[Round "2.64"]
[White "Zilleruelo Irizarry, Diego"]
[Black "Salvadora, Angelo"]
[Result "1-0"]
[WhiteElo "2081"]
[BlackElo "1711"]
[Annotator "NA RC"]
[PlyCount "55"]
[EventDate "2022.??.??"]
[TimeControl "60"]

1. e4 d6 2. d4 Nf6 3. Nc3 Bg4 4. Be2 Bxe2 5. Qxe2 Nc6 6. Be3 Qd7 7. Nf3 a6 8. d5 Na7 9. a4 Qg4 10. h3 Qxg2 11. O-O-O Qg6 12. Rdg1 Qh5 13. Rg5 Qh6 14. Rf5 g5 15. Bxg5 Qg6 16. Bxf6 exf6 17. Kb1 h5 18. Rg1 Qh6 19. Nh4 O-O-O 20. Rf3 Kb8 21. Nf5 Qh7 22. b4 c6 23. b5 cxb5 24. axb5 axb5 25. Nxb5 Nxb5 26. Qxb5 Rg8 27. Rxg8 Qxg8 28. Rb3 1-0

[Event "44th Chess Olympiad Open 2022"]
[Site "Chennai"]
[Date "2022.07.30"]
[Round "2.64"]
[White "Montel Jr, Cyril Tomas"]
[Black "Fellman, Mike"]
[Result "0-1"]
[WhiteElo "1827"]
[BlackElo "2107"]
[Annotator "NA RC"]
[PlyCount "66"]
[EventDate "2022.??.??"]
[TimeControl "60"]

1. c4 Nf6 2. g3 c5 3. Bg2 d5 4. cxd5 Nxd5 5. Nc3 Nc7 6. Nf3 Nc6 7. O-O e5 8. d3 Be7 9. b3 Be6 10. Bb2 f6 11. h3 Qd7 12. Kh2 O-O 13.
Rc1 Rac8 14. Nd2 Rfd8 15. f4 exf4 16. Rxf4 f5 17. Nc4 Bg5 18. Rf2 Bxc1 19. Qxc1 h6 20. e4 Rf8 21. e5 b5 22. Nd6 Nxe5 23. Nxc8 Nxd3 24. Rd2 Rxc8 25. Qf1 c4 26. Ne2 Nd5 27. Nf4 N3xf4 28. gxf4 c3 29. Bxc3 Rxc3 30. Qd1 Qc7 31. Bxd5 Qxf4+ 32. Kg1 Bxd5 33. Rxd5 Rg3+ 0-1

[Event "44th Chess Olympiad Open 2022"]
[Site "Chennai"]
[Date "2022.07.30"]
[Round "2.64"]
[White "Cabunagan, Tito"]
[Black "Pinales Roussel, Gabriel"]
[Result "0-1"]
[WhiteElo "1706"]
[BlackElo "1973"]
[Annotator "NA RC"]
[PlyCount "70"]
[EventDate "2022.??.??"]
[TimeControl "60"]

1. e4 g6 2. f4 d5 3. exd5 Qxd5 4. Nf3 Qe4+ 5. Be2 Qxf4 6. d4 Qd6 7. O-O Nf6 8. c4 Bg7 9. Nc3 O-O 10. c5 Qd8 11. h3 Nd5 12. Nxd5 Qxd5 13. Be3 Nc6 14. b3 e5 15. Ng5 exd4 16. Bc4 Qe5 17. Bf4 Qe7 18. Qf3 Nd8 19. Rae1 Be6 20. Qg3 Qxc5 21. Bxe6 Nxe6 22. Nxe6 fxe6 23. Rc1 Qd5 24. Rxc7 Rf5 25. Rfc1 e5 26. Bd2 Rf7 27. R7c5 Qe6 28. Qh4 Re8 29. Qe4 Qf5 30. Qe2 Ref8 31. Bb4 Rd8 32. Rc7 d3 33. Rxf7 dxe2 34. Rxf5 Rd1+ 35. Rf1 exf1=Q+ 0-1

[Event "44th Chess Olympiad Open 2022"]
[Site "Chennai"]
[Date "2022.07.30"]
[Round "2.65"]
[White "De Silva, L M S T.."]
[Black "Albury, Noah"]
[Result "1-0"]
[WhiteElo "2212"]
[BlackElo "1324"]
[Annotator "RC"]
[PlyCount "61"]
[EventDate "2022.??.??"]
[TimeControl "60"]

1. e4 e5 2. Nc3 Nf6 3. Bc4 Bc5 4. d3 O-O 5. f4 d5 6. Nxd5 Ng4 7. f5 Qh4+ 8. g3 Bf2+ 9. Kf1 Qh5 10. Qf3 Bxg1 11. Kxg1 Nd7 12. Nxc7 Rb8 13. h3 Ngf6 14. Qxh5 Nxh5 15. Kg2 Nb6 16. Bb3 Bd7 17. Be3 Na4 18. Bxa7 Rbc8 19. Nd5 Ra8 20. Be3 g6 21. g4 Nf4+ 22. Bxf4 exf4 23. Nf6+ Kg7 24. Nxd7 Rfd8 25. f6+ Kg8 26. Ne5 Nc5 27. Bxf7+ Kf8 28. Bd5 Nd7 29. Nxd7+ Rxd7 30. c4 Ra5 31. e5 1-0

[Event "44th Chess Olympiad Open 2022"]
[Site "Chennai"]
[Date "2022.07.30"]
[Round "2.65"]
[White "Alahakoon, Isuru"]
[Black "Knowles, Kendrick"]
[Result "1/2-1/2"]
[WhiteElo "2000"]
[BlackElo "1907"]
[Annotator "NA"]
[PlyCount "86"]
[EventDate "2022.??.??"]
[TimeControl "60"]

1. d4 Nf6 2. Bf4 d5 3. e3 c5 4. c3 Nc6 5. Nd2 a6 6. Ngf3 cxd4 7. exd4 Bg4 8. Bd3 e6 9. O-O Bd6 10. Bxd6 Qxd6 11. Re1 O-O 12. Qc2 Bxf3 13. Nxf3 b5 14. Ne5 Rfc8 15. Qe2 Nd8 16. a3 Ra7 17. Rad1 Rac7 18. Bb1 g6 19. h4 Kg7 20. Rd3 a5 21. h5 Nxh5 22. Qd2 b4 23. axb4 axb4 24. Rh3 bxc3 25. bxc3 f5 26. g4 Nf6 27. gxf5 exf5 28. Bxf5 gxf5 29. Qh6+ Kh8 30. Rg3 Ne4 31.
Ng6+ Kg8 32. Rxe4 Qxg3+ 33. fxg3 Nf7 34. Qh4 hxg6 35. Re6 Kg7 36. Qf6+ Kf8 37. Qxg6 Rxc3 38. Rf6 Rc1+ 39. Kg2 R8c2+ 40. Kf3 Rc3+ 41. Ke2 R3c2+ 42. Kd3 Rc3+ 43. Kd2 R3c2+ 1/2-1/2

[Event "44th Chess Olympiad Open 2022"]
[Site "Chennai"]
[Date "2022.07.30"]
[Round "2.65"]
[White "Karelina, Polina"]
[Black "Liyanage, Ranindu Dilshan"]
[Result "0-1"]
[WhiteElo "1835"]
[BlackElo "2286"]
[Annotator "RC"]
[PlyCount "54"]
[EventDate "2022.??.??"]
[TimeControl "60"]

1. e4 e6 2. d3 d5 3. Nd2 c5 4. g3 Nc6 5. Bg2 g6 6. f4 Bg7 7. c3 Nge7 8. Ngf3 b6 9. O-O Ba6 10. Ne1 Qd7 11. Rf2 O-O 12. Qa4 Bb7 13. Ndf3 a5 14. c4 Rad8 15. Be3 dxe4 16. dxe4 e5 17. Rd2 Qc7 18. Rad1 Nd4 19. Nxe5 Bxe5 20. fxe5 Nec6 21. Bf4 Nxe5 22. Nc2 Bc6 23. Bxe5 Qxe5 24. Qa3 Nxc2 25. Qb3 Rd6 26. Rd3 Rxd3 27. Rd2 Rxd2 0-1

[Event "44th Chess Olympiad Open 2022"]
[Site "Chennai"]
[Date "2022.07.30"]
[Round "2.65"]
[White "Moncur, Cecil"]
[Black "Kiriella, K G T S D.."]
[Result "0-1"]
[WhiteElo "1815"]
[BlackElo "1781"]
[Annotator "NA"]
[PlyCount "31"]
[EventDate "2022.??.??"]
[TimeControl "60"]

1. e4 e5 2. Bc4 Nf6 3. d3 c6 4. Bb3 d5 5. Nf3 Bg4 6. exd5 Nxd5 7. O-O Qf6 8. Re1 Be7 9. Nbd2 Nd7 10. h3 h5 11. Ne4 Qg6 12. Ng3 Bxh3 13.
Nxe5 Nxe5 14. Rxe5 h4 15. Bxd5 hxg3 16. Bf3 0-1

[Event "44th Chess Olympiad Open 2022"]
[Site "Chennai"]
[Date "2022.07.30"]
[Round "2.66"]
[White "Oatlhotse, Providence"]
[Black "Mlawa, Hemed"]
[Result "1-0"]
[WhiteElo "2204"]
[BlackElo "1896"]
[Annotator "RC"]
[PlyCount "53"]
[EventDate "2022.??.??"]
[TimeControl "60"]

1. Nf3 d5 2. g3 Bf5 3. Bg2 e6 4. c4 c6 5. Qb3 Qb6 6. d3 Nd7 7. O-O Ngf6 8. Nc3 h6 9. cxd5 Qxb3 10. axb3 exd5 11. e4 dxe4 12. dxe4 Be6 13. Nd4 Nc5 14. e5 Nd5 15. Nxd5 cxd5 16. Be3 a6 17. f4 g6 18. Rfc1 Nd3 19. Rc3 Nb4 20. Rc7 b5 21. Nxb5 Rc8 22. Rxc8+ Bxc8 23. Nc7+ Kd8 24. Nxd5 Nc2 25. Bb6+ Kd7 26. Rc1 Nb4 27. Nf6+ 1-0

[Event "44th Chess Olympiad Open 2022"]
[Site "Chennai"]
[Date "2022.07.30"]
[Round "2.66"]
[White "Oratile, Kgotlane"]
[Black "Charles, Cleophas"]
[Result "1-0"]
[WhiteElo "2024"]
[BlackElo "1593"]
[Annotator "NA RC"]
[PlyCount "57"]
[EventDate "2022.??.??"]
[TimeControl "60"]

1. e4 e5 2. Nf3 Nc6 3. d3 Bc5 4. Nxe5 Bxf2+ 5. Kxf2 Nxe5 6. d4 Qf6+ 7. Kg1 Ng4 8. Qd2 d6 9. h3 N4h6 10. Nc3 Bd7 11.
Be2 Ne7 12. Kh2 O-O 13. Rf1 Qg6 14. Rf3 Kh8 15. Qf4 f6 16.
Qh4 Neg8 17. Be3 Qe8 18. Raf1 c5 19. Nd5 Rc8 20. Bxh6 Nxh6 21. Nxf6 gxf6 22. Qxh6 cxd4 23. Bd3 Qe5+ 24. Kh1 f5 25. Qh4 Rf6 26. exf5 Rg8 27. Re1 Qa5 28. Qxf6+ Rg7 29. Re7 1-0